 Dungeon Crawl Stone Soup version 0.31.0-9-g3a7656b989 (webtiles) character file.

Game seed: 529693705059586538

373 qw the Shooter (level 6, -3/51 HPs)
             Began as a Demigod Hunter on Feb 2, 2024.
             Succumbed to a scorpion's poison
             ... on level 4 of the Dungeon.
             The game lasted 00:00:11 (3077 turns).

qw the Shooter (Demigod Hunter)                     Turns: 3077, Time: 00:00:11

Health: -3/51      AC:  6    Str: 12    XL:     6   Next: 19%
Magic:  8/8        EV: 13    Int: 11    God:
Gold:   213        SH:  0    Dex: 25    Spells: 5/5 levels left

rFire   + . .        a - +0 shortbow
rCold   . . .        (shield currently unavailable)
rNeg    . . .        c - +0 leather armour
rPois   .            (no helmet)
rElec   .            b - +2 cloak
rCorr   .            (no gloves)
SInv    .            (no boots)
Will    .....        (no amulet)
Stlth   ++           e - ring of protection from fire
HPRegen 0.28/turn    (no ring)
MPRegen 0.11/turn

%: no passive effects
@: lethally poisoned (-3 -> -25)
A: high MP 1, forlorn, divine attributes
a: no special abilities


You were on level 4 of the Dungeon.
You visited 1 branch of the dungeon, and saw 5 of its levels.

You collected 213 gold pieces.


Innate Abilities, Weirdness & Mutations

You have an increased reservoir of magic. (+10% MP)
You shall have no god before yourself.
Your divine heritage dramatically boosts your attributes as you level up.


   Skills:
 - Level 3.2 Fighting
 + Level 6.0 Ranged Weapons
 - Level 3.1 Dodging
 - Level 0.8 Stealth


You had 5 spell levels left.
You didn't know any spells.
Your spell library was empty.

Inventory:

Hand Weapons
 a - a +0 shortbow (weapon)
Armour
 b - a +2 cloak (worn)
 c - a +0 leather armour (worn)
Jewellery
 e - a ring of protection from fire (left hand)
Potions
 d - a potion of degeneration {unknown}
 f - a potion of attraction {unknown}
 h - a potion of curing
 i - a potion of heal wounds {unknown}
 j - a potion of resistance {unknown}

Dungeon Overview and Level Annotations

Branches:
Dungeon (5/15)
 Temple: D:4-7

Annotations:
D:3 2 transporters


Message History

You shoot an arrow. The arrow hits the centaur.
The centaur is severely wounded.
The scorpion closely misses you. The centaur misses you.
The centaur kicks you but does no damage.
You shoot an arrow. The arrow hits the centaur.
The centaur is almost dead.
The scorpion barely misses you. The centaur closely misses you. x2
The scorpion stings you but does no damage.
The centaur barely misses you. The centaur closely misses you.
You shoot an arrow. The arrow hits the centaur.
You kill the centaur!
The scorpion stings you but does no damage.
Your Dodging skill increases to level 3!
You have reached level 6!
Your experience leads to a dramatic increase in your attributes!
Increase (S)trength, (I)ntelligence, or (D)exterity?
You feel agile. x4
You shoot an arrow. The arrow barely misses the scorpion.
The scorpion stings you.
You shoot an arrow. The arrow hits the scorpion!
The scorpion is heavily wounded.
The scorpion stings you. x2
You are poisoned.
The scorpion poisons you!
You shoot an arrow. The arrow barely misses the scorpion.
You feel very sick. The scorpion barely misses you.
You shoot an arrow. The arrow barely misses the scorpion.
You feel sick. The scorpion stings you.
You are lethally poisoned!
The scorpion poisons you!
You shoot an arrow. The arrow hits the scorpion.
The scorpion is heavily wounded.
You feel very sick. The scorpion stings you. x2
You are more poisoned.
The scorpion poisons you!
You shoot an arrow. The arrow hits the scorpion!
You kill the scorpion!
You die...

############
#...##.....#
#.#.##.###.#
#######.#....# #.#
#.......########.#
###.##### #.....#
#.#
#%################
## #.# #@#
#.........# .# #.#
#)# #.........# .#
#.# #.#
#.......... .# #.#
#.# #.........#
.######.# #.#
######'####
..).....####
##.### ###....####
.#########.#
#....# #...##.....
.# #.####....#
#.####.###. .#
#####.........#
#.......##.


There were no monsters in sight!

Vanquished Creatures
  A centaur (D:4)
  2 scorpions (D:4)
  A hound (D:3)
  An orc priest (D:3)
  Jessica (D:3)
  6 adders
  2 ufetubi (D:4)
  A ribbon worm (D:2)
  3 dart slugs
  4 orcs
  5 bats
  6 endoplasms
  A giant cockroach (D:2)
  5 goblins
  11 hobgoblins
  3 jackals (D:3)
  2 quokkas
  12 ball pythons
  5 frilled lizards
  3 kobolds
  4 rats
79 creatures vanquished.

Notes
Turn   | Place    | Note
-------+----------+-------------------------------------------
     0 | D:1      | qw the Demigod Hunter began the quest for the Orb.
     0 | D:1      | Reached XP level 1. HP: 17/17 MP: 3/3
     0 | D:1      | 0 ||| qw: Version: 0.3-a-155-g5e7d8dd
     0 | D:1      | 0 ||| qw: Game counter: 317
     0 | D:1      | 0 ||| qw: Melee chars always use a shield: true
     0 | D:1      | 0 ||| qw: God list: Okawaru
     0 | D:1      | 0 ||| qw: Allow faded altars: false
     0 | D:1      | 0 ||| qw: Do Orc after clearing Dungeon:15 true
     0 | D:1      | 0 ||| qw: Do second Lair branch before Depths: true
     0 | D:1      | 0 ||| qw: Lair rune preference: random
     0 | D:1      | 0 ||| qw: Goals: Normal
     0 | D:1      | 0 ||| PLANNING D:1-11
    72 | D:1      | Reached skill level 4 in Ranged Weapons
   124 | D:1      | Reached XP level 2. HP: 24/24 MP: 4/4
   649 | D:1      | 649 ||| READING scroll labelled POLEHOT COMAEM.
   650 | D:1      | 650 ||| DROPPING scroll of butterflies.
   686 | D:2      | 686 ||| STAIRDANCE
   767 | D:2      | Reached XP level 3. HP: 29/29 MP: 5/5
  1504 | D:2      | 1504 ||| UPGRADING to ring of protection from fire.
  1505 | D:2      | 1505 ||| READING scroll labelled LEUBANATEI.
  1576 | D:3      | Found a transporter.
  1608 | D:3      | Reached skill level 5 in Ranged Weapons
  1639 | D:3      | Reached XP level 4. HP: 36/36 MP: 6/6
  1759 | D:3      | Noticed Jessica
  1762 | D:3      | Killed Jessica
  1763 | D:3      | Reached XP level 5. HP: 41/41 MP: 7/7
  1839 | D:3      | Reached skill level 6 in Ranged Weapons
  1863 | D:3      | Found a transporter.
  2094 | D:3      | 2094 ||| UPGRADING to +2 cloak.
  2099 | D:3      | 2099 ||| DRINKING 2 purple potions.
  2691 | D:4      | Reached skill level 3 in Fighting
  2874 | D:4      | 2874 ||| DRINKING 2 fizzy black potions.
  2888 | D:5      | Entered Level 5 of the Dungeon
  2888 | D:5      | Noticed a centaur
  2889 | D:5      | 2889 ||| DRINKING potion of haste.
  2892 | D:5      | 2892 ||| STAIRDANCE
  2953 | D:5      | 2953 ||| STAIRDANCE
  3061 | D:5      | 3061 ||| STAIRDANCE
  3071 | D:4      | Killed a centaur
  3072 | D:4      | Reached skill level 3 in Dodging
  3072 | D:4      | Reached XP level 6. HP: 29/51 MP: 8/8
  3076 | D:4      | HP: 11/51 [poisoned by a scorpion]
  3076 | D:4      | HP: 3/51 [scorpion (3)]
  3077 | D:4      | Succumbed to a scorpion's poison

Levels and vault maps discovered:
D:1:      mrwooster_arrival_statue, layout_loops_ring, minivault_27
D:2:      layout_loops_cross, dreamdust_ecumenical_altar_statues
D:3:      gammafunk_wand_slinger, layout_rooms, uniq_crazy_yiuf_cottage,
          uniq_jessica
D:4:      layout_basic
D:5:      layout_basic, nicolae_gozag_cash_rules_everything_around_me,
          kennysheep_generic_room_16

Skill      XL: |  1  2  3  4  5 |
---------------+----------------+-----
Ranged Weapons | 4 5 6 |  6.0
Fighting       | 2 3 |  3.2
Dodging        | 2 3 |  3.1
Stealth        | |  0.8

Action                     |  1- 3 |  4- 6 || total
---------------------------+-------+-------++-------
   Fire: Shortbow          |   144 |   118 ||   262
    Use: Scroll            |     2 |       ||     2
         Potion            |       |     3 ||     3
 Armour: Leather armour    |    33 |    84 ||   117
  Dodge: Dodged            |    47 |    90 ||   137

Table legend:
 A = Non-vault XP
 B = Vault XP
 C = Vault XP percentage of total XP
 D = Non-vault monster count
 E = Vault monster count
 F = Vault count percentage of total count
                 A         B        C        D         E       F
            +---------+---------+-------+---------+---------+-------
      Total |     576 |      37 |   6.0 |      78 |       1 |   1.3
            +---------+---------+-------+---------+---------+-------
        D:1 |      42 |       0 |   0.0 |      22 |       0 |   0.0
        D:2 |      65 |       0 |   0.0 |      17 |       0 |   0.0
        D:3 |     134 |      37 |  21.6 |      22 |       1 |   4.3
        D:4 |     335 |       0 |   0.0 |      17 |       0 |   0.0
            +---------+---------+-------+---------+---------+-------
